 Dungeon Sprint DCSS version 0.22.1-1-ga44c0e56f4 (webtiles) character file.

625 KleinerIrrer the Nimble (level 7, -5/57 HPs)
             Began as a Gargoyle Monk on Nov 2, 2018.
             Slain by a shadow (22 damage)
             ... in the Dungeon (Sprint III: "The Ten Rune Challenge").
             The game lasted 00:03:05 (908 turns).

KleinerIrrer the Nimble (Gargoyle Monk)              Turns: 908, Time: 00:03:06

Health: -5/57      AC: -4    Str: 15    XL:     7   Next: 47%
Magic:  7/7        EV: 19    Int: 10    God:
Gold:   19         SH:  0    Dex: 14    Spells: 6/6 levels left

rFire    . . .     SeeInvis .   a - +0 mace
rCold    . . .     Gourm    .   (no shield)
rNeg     + . .     Faith    .   b - +0 robe
rPois    ∞         Spirit   .   (helmet restricted)
rElec    +         Reflect  .   (no cloak)
rCorr    .         Harm     .   (no gloves)
MR       .....     NoTele   +   (no boots)
Stlth    ++........             (no amulet)
HPRegen  0.19/turn              (no ring)
MPRegen  0.10/turn              (no ring)

@: corroded
A: horns 1, talons 1, negative energy resistance 1, robust 1, electricity
resistance, unbreathing, petrification resistance, rot immunity, AC +4
a: no special abilities


You were in the Dungeon.
You were not hungry.

You visited 1 branch You collected 19 gold pieces.

Inventory:

Hand Weapons
 a - a +0 mace (weapon)
Armour
 b - a +0 robe (worn)
Scrolls
 e - 2 scrolls of immolation {unknown}
 h - 6 scrolls of remove curse
 i - a scroll of blinking
 l - a scroll of enchant weapon {unknown}
Potions
 d - 2 potions of curing
 f - a potion of haste
 g - 2 potions of magic
 j - a potion of heal wounds
 k - 3 potions of mutation
 m - a potion of might
 n - 2 potions of flight
Comestibles
 c - 4 rations


   Skills:
 + Level 10.2 Fighting
 - Level 3.0 Maces & Flails
 - Level 2.8 Armour
 * Level 10.9 Dodging
 - Level 2.1 Stealth


You had 6 spell levels left.
You didn't know any spells.
Your spell library contained the following spells:

 Spells                   Type           Power        Failure   Level  Hunger
 Confusing Touch          Hex            #.....       36%         1    ##.....
 Magic Dart               Conj           #...         36%         1    ##.....
 Blink                    Tloc           N/A          50%         2    ###....
 Call Imp                 Summ           #.......     50%         2    ###....
 Slow                     Hex            #.......     50%         2    ###....
 Confuse                  Hex            #.......     75%         3    ####...
 Conjure Flame            Conj/Fire      #.......     75%         3    ####...
 Gell's Gravitas          Tloc           #.........   75%         3    ####...
 Mephitic Cloud           Conj/Pois/Air  #.......     75%         3    ####...
 Petrify                  Tmut/Erth      #.......     98%         4    #####..
 Metabolic Englaciation   Hex/Ice        #.........   100%        5    ######.
 Yara's Violent Unravell  Hex/Tmut       #.........   100%        5    ######.


Dungeon Overview and Level Annotations

Branches:
Dungeon (1/1)

Altars:
Elyvilon
Kikubaaqudgha
Sif Muna
Vehumet
Zin
The Shining One


Innate Abilities, Weirdness & Mutations

You are resistant to torment.
Your stone body is resilient. (AC +4)
You are immune to poison.
You resist negative energy. (rN+)
You are resistant to electric shocks. (rElec)
You can survive without breathing.
You are immune to petrification.
You are immune to rotting.
You have a pair of small horns on your head.
You have sharp toenails.
You are robust. (+10% HP)


Message History

The jelly is severely wounded.
The jelly barely misses you.
You hit the jelly. The acid corrodes you!
Your hands burn!
You headbutt the jelly.
The jelly is almost dead.
The jelly closely misses you.
You hit the jelly but do no damage.
Your hands burn!
The jelly is almost dead.
The jelly hits you.
You are splashed with acid!
The acid burns!
The jelly barely misses you.
The shadow slips into darkness.
The shadow flickers and vanishes!
Deactivating autopickup; reactivate with Ctrl-A.
The jelly hits you.
You are splashed with acid!
The acid burns!
You hit the jelly but do no damage. The acid corrodes you!
Your hands burn!
* * * LOW HITPOINT WARNING * * *
You claw the jelly. You headbutt the jelly.
You kill the jelly!
The shadow strikes at you from the darkness!
You die...

▓▓▓▓ ▓▓▓ .♣.♣ ♣.#####
..♣♣ ♣♣.#___# ...♣
..#..)#
..≈♣♣♣♣♣.###'#+###+##
.≈≈..♣♣..#..........#
≈≈≈≈♣♣♣♣.'.⌠....@{..#
≈≈≈≈≈≈.♣.#...######'#
≈≈≈≈≈....#.⌠.# #..W#
≈≈≈≈.....#...# #...#
≈≈.......#'### #...#
.........#.).# #..%+
.........#___# +...#
▓▓▓▓▓▓▓▓▓▓▓▓▓▓ ▓▓▓▓▓


There were no monsters in sight!

Vanquished Creatures
  A deep elf mage (D)
  A water elemental (D)
  A jelly (D)
  Jessica (D)
  A wizard (D)
  A kobold demonologist (D)
  A human (D)
  An ooze (D)
  A phantom (D)
  2 rats (D)
11 creatures vanquished.

Vanquished Creatures (others)
  2 draconian scorchers (D)
  Nessos (D)
  6 hellions (D)
  2 yaktaurs (D)
11 creatures vanquished.

Grand Total: 22 creatures vanquished

Notes
Turn   | Place    | Note
-------+----------+-------------------------------------------
     0 | D        | KleinerIrrer the Gargoyle Monk began the quest for the Orb.
     0 | D        | Reached XP level 1. HP: 14/14 MP: 1/1
     5 | D        | Reached skill level 1 in Armour
    45 | D        | Noticed Jessica
    59 | D        | Killed Jessica
    59 | D        | Reached XP level 2. HP: 16/20 MP: 2/2
    59 | D        | Reached XP level 3. HP: 19/24 MP: 3/3
   100 | D        | Killed a hellion
   100 | D        | Killed a hellion
   100 | D        | Killed a hellion
   100 | D        | Killed a hellion
   101 | D        | Killed a yaktaur
   101 | D        | Killed a hellion
   104 | D        | Killed a hellion
   123 | D        | Killed a yaktaur
   137 | D        | Killed a white draconian scorcher
   140 | D        | HP: 1/24 [human (5)]
   145 | D        | Reached skill level 5 in Fighting
   145 | D        | Reached skill level 5 in Dodging
   163 | D        | Killed a white draconian scorcher
   245 | D        | Gained mutation: You are robust. (+10% HP) [potion of
                  | mutation]
   245 | D        | Gained mutation: You have sharp toenails. [potion of
                  | mutation]
   245 | D        | Gained mutation: You have a pair of small horns on your
                  | head. [potion of mutation]
   345 | D        | Noticed a water elemental
   356 | D        | Killed a water elemental
   356 | D        | Reached XP level 4. HP: 14/35 MP: 4/4
   541 | D        | Found a radiant altar of Vehumet.
   542 | D        | Found a deep blue altar of Sif Muna.
   542 | D        | Found an ancient bone altar of Kikubaaqudgha.
   542 | D        | Noticed a wizard
   550 | D        | Noticed an ice devil
   552 | D        | Killed a wizard
   552 | D        | Reached XP level 5. HP: 10/41 MP: 5/5
   603 | D        | Noticed a neqoxec
   772 | D        | Killed Nessos
   828 | D        | Found a glowing silver altar of Zin.
   828 | D        | Found a glowing golden altar of the Shining One.
   828 | D        | Found a white marble altar of Elyvilon.
   829 | D        | Noticed a deep elf mage
   843 | D        | Killed a deep elf mage
   843 | D        | Reached skill level 10 in Fighting
   843 | D        | Reached skill level 10 in Dodging
   843 | D        | Reached XP level 6. HP: 45/52 MP: 6/6
   843 | D        | Reached XP level 7. HP: 49/57 MP: 7/7
   894 | D        | Noticed a shadow
   908 | D        | Slain by a shadow

Skill      XL: |  1  2  3  4  5 |
---------------+----------------+-----
Armour         | 2 |  2.8
Dodging        | 4 6 7 10 | 10.9
Fighting       | 4 6 7 10 | 10.2
Maces & Flails | |  3.0
Stealth        | |  2.1

Action                   |  1- 3 |  4- 6 |  7- 9 || total
-------------------------+-------+-------+-------++-------
Melee: Mace              |    48 |    27 |     9 ||    84
       Kick              |     3 |     8 |     4 ||    15
       Headbutt          |     2 |     4 |     3 ||     9
  Use: Potion            |     3 |       |       ||     3
 Stab: Sleeping          |     1 |       |       ||     1
Armor: Robe              |     8 |    10 |       ||    18
Dodge: Dodged            |    35 |    28 |     8 ||    71
